[ AOE2 MATCH · #507135470 ]
UnrankedGoths vs Teutons
Player's team · LOSS
Rival team · WIN
[ REPLAY ANALYSIS · EXTRACTED FROM THE RECORDED GAME ]
Feudal
12:22
Castle
24:11
Imperial
—
| APM avg | 44.8 |
| APM peak | 67 |
| eAPM avg | 21.5 |
| Villagers / military | 47 / 57 |
Focus
⚔️ 30.7% · 🌾 69.3%
Militia ×28 · Spearman ×13 · Skirmisher ×9 · Huskarl ×5 · Battering Ram ×2 · Trade Cart ×1
Feudal
9:43
Castle
25:39
Imperial
—
| APM avg | 37.9 |
| APM peak | 83 |
| eAPM avg | 15.3 |
| Villagers / military | 77 / 26 |
Focus
⚔️ 30.6% · 🌾 69.4%
Archer ×13 · Knight ×8 · Teutonic Knight ×3 · Mangonel ×1 · Scout Cavalry ×1
Match map
Initial resources + every placement click. Lines = walls · curves = elevation contours. ◆ gold · ⬟ stone · ● berries · ✦ relic · ◌ wall gap
Your base· Open — unwalled flank
洗勒烤喔's base· Open — 8t gap
Smoothed initial terrain · ◌ = detected wall gap · hover for details
Inputs per minute
— [TiRex]haltig - - 洗勒烤喔
Build order — [TiRex]haltig
First 150 of 175 actions detected
| 0:00 | Create | Villager (Male) |
| 0:01 | Create | Villager (Male) |
| 0:01 | Create | Villager (Male) |
| 0:01 | Create | Villager (Male) |
| 0:03 | Build | House |
| 0:04 | Build | House |
| 1:37 | Create | Villager (Male) |
| 1:55 | Build | Lumber Camp |
| 2:01 | Create | Villager (Male) |
| 2:01 | Create | Villager (Male) |
| 2:24 | Create | Villager (Male) |
| 2:24 | Create | Villager (Male) |
| 2:38 | Create | Villager (Male) |
| 3:00 | Build | House |
| 3:13 | Create | Villager (Male) |
| 3:14 | Create | Villager (Male) |
| 3:36 | Research | Loom |
| 3:58 | Create | Villager (Male) |
| 3:59 | Create | Villager (Male) |
| 4:31 | Create | Villager (Male) |
| 4:38 | Build | Barracks |
| 4:50 | Create | Villager (Male) |
| 5:10 | Build | House |
| 5:18 | Create | Villager (Male) |
| 5:25 | Create | Militia |
| 5:46 | Create | Villager (Male) |
| 5:47 | Create | Militia |
| 6:04 | Create | Militia |
| 6:15 | Create | Militia |
| 6:16 | Create | Villager (Male) |
| 6:33 | Build | House |
| 6:38 | Create | Villager (Male) |
| 6:39 | Create | Militia |
| 7:07 | Build | Mill |
| 7:10 | Create | Villager (Male) |
| 8:07 | Create | Villager (Male) |
| 8:27 | Build | House |
| 8:31 | Create | Villager (Male) |
| 8:44 | Create | Militia |
| 8:45 | Create | Villager (Male) |
| 8:59 | Build | Farm |
| 9:02 | Build | Farm |
| 9:20 | Create | Villager (Male) |
| 9:41 | Build | Farm |
| 9:45 | Create | Militia |
| 9:47 | Create | Villager (Male) |
| 10:09 | Build | Farm |
| 10:12 | Research | Feudal Age |
| 10:19 | Create | Militia |
| 10:33 | Build | House |
| 10:39 | Create | Militia |
| 11:12 | Build | House |
| 11:32 | Create | Militia |
| 11:36 | Create | Villager (Male) |
| 11:44 | Create | Villager (Male) |
| 11:46 | Build | House |
| 12:00 | Create | Militia |
| 12:22 | Age | Feudal Age |
| 12:26 | Build | Lumber Camp |
| 12:51 | Build | House |
| 13:05 | Build | Mining Camp |
| 13:36 | Create | Villager (Male) |
| 13:49 | Build | Archery Range |
| 14:02 | Create | Villager (Male) |
| 14:04 | Research | Loom |
| 14:11 | Research | Man-at-Arms (upgrade) |
| 14:19 | Build | Farm |
| 14:28 | Build | Palisade Wall |
| 14:40 | Create | Villager (Male) |
| 14:44 | Build | Blacksmith |
| 14:53 | Create | Skirmisher |
| 15:00 | Create | Villager (Male) |
| 15:05 | Build | Farm |
| 15:06 | Build | Farm |
| 15:25 | Create | Skirmisher |
| 15:26 | Create | Villager (Male) |
| 15:38 | Create | Skirmisher |
| 15:43 | Build | Farm |
| 15:50 | Create | Villager (Male) |
| 15:59 | Create | Skirmisher |
| 16:02 | Create | Villager (Male) |
| 16:05 | Build | Farm |
| 16:10 | Build | Farm |
| 16:16 | Create | Villager (Male) |
| 16:27 | Build | House |
| 16:33 | Create | Skirmisher |
| 16:43 | Create | Villager (Male) |
| 16:48 | Create | Villager (Male) |
| 16:55 | Create | Skirmisher |
| 16:55 | Create | Villager (Male) |
| 17:00 | Build | Farm |
| 17:20 | Create | Villager (Male) |
| 17:31 | Build | Mining Camp |
| 17:49 | Create | Villager (Male) |
| 17:53 | Build | Farm |
| 18:12 | Research | Fletching |
| 18:15 | Create | Skirmisher |
| 18:20 | Create | Militia |
| 18:34 | Build | Farm |
| 18:49 | Create | Villager (Male) |
| 19:10 | Build | Farm |
| 19:18 | Create | Militia |
| 19:38 | Build | House |
| 19:39 | Build | House |
| 19:56 | Create | Villager (Male) |
| 20:05 | Build | Market |
| 20:19 | Create | Villager (Male) |
| 20:46 | Create | Villager (Male) |
| 20:53 | Build | Farm |
| 21:31 | Research | Castle Age |
| 21:41 | Build | Outpost |
| 21:56 | Research | Double-Bit Axe |
| 22:00 | Build | Lumber Camp |
| 22:10 | Build | Farm |
| 22:11 | Build | Farm |
| 22:23 | Build | House |
| 22:41 | Research | Forging |
| 23:16 | Build | House |
| 23:52 | Create | Militia |
| 23:53 | Build | Barracks |
| 23:59 | Research | Scale Mail Armor |
| 24:11 | Age | Castle Age |
| 24:13 | Build | Lumber Camp |
| 24:34 | Build | Castle |
| 24:38 | Research | Long Swordsman (upgrade) |
| 24:40 | Create | Militia |
| 24:40 | Create | Militia |
| 24:40 | Create | Militia |
| 24:43 | Create | Militia |
| 24:44 | Create | Militia |
| 24:44 | Create | Militia |
| 24:45 | Create | Militia |
| 25:09 | Build | Town Center |
| 26:03 | Create | Villager (Male) |
| 26:06 | Create | Villager (Male) |
| 26:08 | Build | Mining Camp |
| 26:12 | Create | Skirmisher |
| 26:13 | Create | Skirmisher |
| 26:28 | Create | Militia |
| 26:28 | Create | Militia |
| 26:31 | Create | Huskarl |
| 26:31 | Create | Huskarl |
| 26:33 | Build | Mining Camp |
| 26:50 | Create | Militia |
| 27:07 | Create | Militia |
| 27:15 | Create | Militia |
| 27:32 | Build | Farm |
| 27:33 | Build | Farm |
| 27:33 | Build | Farm |
| 27:33 | Build | Farm |
Build order — 洗勒烤喔
First 150 of 184 actions detected
| 0:04 | Create | Villager (Male) ×4 |
| 0:04 | Create | Villager (Male) ×4 |
| 0:05 | Build | House |
| 0:08 | Build | House |
| 1:30 | Create | Villager (Male) |
| 1:30 | Create | Villager (Male) |
| 1:49 | Build | Lumber Camp |
| 2:03 | Create | Villager (Male) |
| 2:03 | Create | Villager (Male) |
| 2:26 | Create | Villager (Male) |
| 2:26 | Create | Villager (Male) |
| 2:54 | Create | Villager (Male) |
| 2:55 | Create | Villager (Male) |
| 2:55 | Create | Villager (Male) |
| 3:22 | Create | Villager (Male) |
| 3:22 | Create | Villager (Male) |
| 3:53 | Build | House |
| 3:55 | Build | House |
| 4:19 | Create | Villager (Male) |
| 4:19 | Create | Villager (Male) |
| 4:20 | Create | Villager (Male) |
| 4:39 | Create | Villager (Male) |
| 4:39 | Create | Villager (Male) |
| 4:39 | Create | Villager (Male) |
| 5:01 | Build | Mill |
| 5:05 | Build | Palisade Wall |
| 5:41 | Build | Palisade Wall |
| 5:42 | Create | Villager (Male) |
| 5:42 | Create | Villager (Male) |
| 6:08 | Research | Loom |
| 6:23 | Create | Villager (Male) |
| 6:36 | Build | Mining Camp |
| 7:16 | Build | Palisade Wall |
| 7:20 | Build | Palisade Wall |
| 7:33 | Research | Feudal Age |
| 7:59 | Build | Palisade Gate |
| 8:57 | Create | Villager (Male) |
| 9:04 | Create | Villager (Male) |
| 9:13 | Build | Barracks |
| 9:41 | Create | Villager (Male) |
| 9:43 | Age | Feudal Age |
| 9:48 | Create | Villager (Male) |
| 9:56 | Create | Villager (Male) |
| 10:12 | Build | Stone Wall |
| 10:24 | Build | Watch Tower |
| 10:29 | Build | Stone Wall |
| 10:34 | Build | Stone Wall |
| 10:35 | Create | Villager (Male) |
| 10:36 | Create | Villager (Male) |
| 11:02 | Build | House |
| 11:18 | Create | Villager (Male) |
| 11:33 | Build | Stone Wall |
| 11:43 | Build | Archery Range |
| 12:08 | Build | Stone Wall |
| 12:15 | Build | House |
| 12:20 | Build | Stone Wall |
| 12:21 | Build | Stone Wall |
| 12:25 | Create | Villager (Male) |
| 12:33 | Create | Archer |
| 12:33 | Create | Archer |
| 12:45 | Create | Villager (Male) |
| 12:45 | Create | Villager (Male) |
| 12:55 | Create | Archer |
| 13:01 | Build | Stone Wall |
| 13:02 | Build | Stone Wall |
| 13:05 | Build | Stone Wall |
| 13:08 | Build | Stone Wall |
| 13:09 | Build | Stone Wall |
| 13:10 | Create | Villager (Male) |
| 13:10 | Create | Villager (Male) |
| 13:14 | Create | Archer |
| 13:30 | Build | Stable |
| 13:41 | Create | Archer |
| 13:58 | Create | Archer |
| 14:03 | Build | Stone Wall |
| 14:16 | Build | Mill |
| 14:28 | Create | Villager (Male) |
| 14:33 | Build | House |
| 14:51 | Build | House |
| 15:01 | Build | Farm |
| 15:26 | Create | Villager (Male) |
| 15:43 | Create | Villager (Male) |
| 15:46 | Build | Farm |
| 15:47 | Build | Farm |
| 15:54 | Create | Scout Cavalry |
| 16:06 | Create | Villager (Male) |
| 16:17 | Build | Stone Wall |
| 16:24 | Create | Villager (Male) |
| 16:36 | Create | Archer |
| 16:52 | Create | Villager (Male) |
| 16:55 | Build | Farm |
| 17:12 | Create | Villager (Male) |
| 17:16 | Build | House |
| 17:19 | Build | Lumber Camp |
| 17:44 | Build | Farm |
| 17:53 | Create | Villager (Male) |
| 18:04 | Build | Farm |
| 18:23 | Create | Villager (Male) |
| 18:42 | Build | Blacksmith |
| 18:50 | Create | Villager (Male) |
| 18:56 | Build | Watch Tower |
| 19:01 | Build | Farm |
| 19:20 | Build | Farm |
| 19:32 | Build | Watch Tower |
| 19:57 | Create | Villager (Male) |
| 20:41 | Build | Stone Wall |
| 20:48 | Research | Fletching |
| 21:17 | Create | Villager (Male) |
| 21:21 | Build | Farm |
| 21:25 | Build | House |
| 21:37 | Build | House |
| 21:59 | Build | House |
| 22:14 | Build | Farm |
| 22:18 | Build | Farm |
| 22:20 | Build | Farm |
| 22:21 | Build | Farm |
| 22:22 | Build | Farm |
| 22:30 | Build | House |
| 22:35 | Build | Farm |
| 22:50 | Build | Stable |
| 22:59 | Research | Castle Age |
| 23:04 | Build | Stable |
| 23:15 | Create | Archer |
| 23:15 | Create | Archer |
| 23:15 | Create | Archer |
| 23:15 | Create | Archer |
| 23:15 | Create | Archer |
| 23:16 | Create | Archer |
| 23:19 | Create | Villager (Male) |
| 23:26 | Build | Stable |
| 23:40 | Research | Double-Bit Axe |
| 25:03 | Create | Villager (Male) |
| 25:19 | Build | Gate |
| 25:39 | Age | Castle Age |
| 25:43 | Create | Villager (Male) |
| 25:46 | Build | Castle |
| 25:48 | Create | Villager (Male) |
| 25:48 | Create | Villager (Male) |
| 25:51 | Build | Farm |
| 25:52 | Build | Farm |
| 25:54 | Create | Knight |
| 25:55 | Create | Knight |
| 25:55 | Create | Knight |
| 25:55 | Create | Knight |
| 25:57 | Create | Villager (Male) |
| 26:04 | Build | Mining Camp |
| 26:17 | Create | Villager (Male) |
| 26:29 | Create | Villager (Male) |
| 26:38 | Create | Villager (Male) |
| 26:48 | Build | Gate |
Match timeline
| 4:38 | [TiRex]haltig · first_building Barracks |
| 5:05 | 洗勒烤喔 · wall_segment Palisade Wall x7 |
| 5:41 | 洗勒烤喔 · wall_segment Palisade Wall x1 |
| 7:16 | 洗勒烤喔 · wall_segment Palisade Wall x4 |
| 7:20 | 洗勒烤喔 · wall_segment Palisade Wall x4 |
| 9:13 | 洗勒烤喔 · first_building Barracks |
| 9:43 | 洗勒烤喔 · age_up feudal |
| 10:12 | 洗勒烤喔 · wall_segment Stone Wall x4 |
| 10:29 | 洗勒烤喔 · wall_segment Stone Wall x4 |
| 10:34 | 洗勒烤喔 · wall_segment Stone Wall x5 |
| 11:33 | 洗勒烤喔 · wall_segment Stone Wall x1 |
| 11:43 | 洗勒烤喔 · first_building Archery Range |
| 12:08 | 洗勒烤喔 · wall_segment Stone Wall x1 |
| 12:20 | 洗勒烤喔 · wall_segment Stone Wall x1 |
| 12:21 | 洗勒烤喔 · wall_segment Stone Wall x1 |
| 12:22 | [TiRex]haltig · age_up feudal |
| 13:01 | 洗勒烤喔 · wall_segment Stone Wall x1 |
| 13:02 | 洗勒烤喔 · wall_segment Stone Wall x1 |
| 13:05 | 洗勒烤喔 · wall_segment Stone Wall x1 |
| 13:08 | 洗勒烤喔 · wall_segment Stone Wall x1 |
| 13:09 | 洗勒烤喔 · wall_segment Stone Wall x1 |
| 13:30 | 洗勒烤喔 · first_building Stable |
| 13:49 | [TiRex]haltig · first_building Archery Range |
| 14:03 | 洗勒烤喔 · wall_segment Stone Wall x1 |
| 14:28 | [TiRex]haltig · wall_segment Palisade Wall x9 |
| 16:17 | 洗勒烤喔 · wall_segment Stone Wall x1 |
| 20:41 | 洗勒烤喔 · wall_segment Stone Wall x4 |
| 21:17 | [TiRex]haltig · first_market_buy 100 food |
| 21:30 | [TiRex]haltig · first_market_sell 100 wood |
| 24:11 | [TiRex]haltig · age_up castle |
| 24:34 | [TiRex]haltig · first_building Castle |
| 25:39 | 洗勒烤喔 · age_up castle |
| 25:46 | 洗勒烤喔 · first_building Castle |
| 26:59 | 洗勒烤喔 · first_building Siege Workshop |
| 27:53 | 洗勒烤喔 · wall_segment Stone Wall x1 |
| 27:55 | 洗勒烤喔 · wall_segment Stone Wall x1 |
| 27:56 | 洗勒烤喔 · wall_segment Stone Wall x1 |
| 28:17 | [TiRex]haltig · first_building Siege Workshop |
| 30:32 | 洗勒烤喔 · wall_segment Stone Wall x1 |
| 30:51 | [TiRex]haltig · resign |
[ AI ANALYSIS · 1 CREDIT ]
What really happened in this match?
Wolo.gg analyzes every decision: build order, eco, micro, common mistakes by bracket. Personalized analysis on WhatsApp or Discord in 30 seconds.
Civ guide
Goths
Perfil
Jugador #10104772